[Event "FIDE WCCC G8 2018"]
[Site "Santiago de Compostela"]
[Date "2018.11.08"]
[Round "4"]
[White "Li, Rachael"]
[Black "Buchtova, Viktorie"]
[Result "1-0"]
[ECO "C44"]
[WhiteElo "1519"]
[BlackElo "1106"]
[Annotator "NA RC"]
[PlyCount "77"]
[EventDate "2018.11.04"]
[EventType "swiss"]
[EventCountry "ESP"]
[SourceTitle "playchess.com"]
[Source "ChessBase"]
[SourceQuality "1"]
[TimeControl "40/5400+30:1800+30"]

1. e4 e5 2. Nf3 Nc6 3. d4 exd4 4. Nxd4 Nf6 5. Nc3 Bb4 6. Nxc6 bxc6 7. Bd3 d5 8. exd5 cxd5 9. O-O O-O 10. Bg5 c6 11. Qf3 Be7 12. h3 Ne4 13. Bxe7 Qxe7 14. Nxe4 dxe4 15. Bxe4 Rb8 16. Rfe1 Qc5 17. b3 Bb7 18. Rad1 Qa3 19. Qc3 c5 20. Bd5 Bxd5 21. Rxd5 Rfc8 22. Qe5 Qxa2 23. Rxc5 Qa6 24. Rc7 Qe6 25. Rxc8+ Qxc8 26. c4 h6 27. Re3 Qd8 28. Rg3 Qd1+ 29. Kh2 g5 30. Qxb8+ Kg7 31. Qe5+ Kg6 32. Rf3 Qd8 33. Qf5+ Kg7 34. Qxf7+ Kh8 35. Re3 Qd6+ 36. g3 Qd8 37. Re6 Qf8 38. Qxf8+ Kh7 39. Rxh6# 1-0

[Event "FIDE WCCC G8 2018"]
[Site "Santiago de Compostela"]
[Date "2018.11.08"]
[Round "4"]
[White "Sickmann, Lisa"]
[Black "Torres Ccahuay, Dayana Nievevska"]
[Result "1-0"]
[ECO "B90"]
[WhiteElo "1468"]
[BlackElo "1068"]
[Annotator "NA RC"]
[PlyCount "135"]
[EventDate "2018.11.04"]
[EventType "swiss"]
[EventCountry "ESP"]
[SourceTitle "playchess.com"]
[Source "ChessBase"]
[SourceQuality "1"]
[TimeControl "40/5400+30:1800+30"]

1. e4 c5 2. Nf3 d6 3. d4 cxd4 4. Nxd4 Nf6 5. Nc3 a6 6. f3 e6 7. Be3 Be7 8. Qd2 O-O 9. O-O-O Nc6 10. Kb1 Qc7 11. g4 b5 12. h4 b4 13. Nxc6 Qxc6 14. Ne2 e5 15. Qxb4 Bd7 16. Qb6 Rfb8 17. Qxc6 Bxc6 18. Bg5 a5 19. Bxf6 Bxf6 20. Rxd6 Be8 21. Rd5 g5 22. c3 gxh4 23. g5 Bxg5 24. Rxe5 f6 25. Rd5 a4 26. f4 Bf7 27. Rd6 Bh6 28. Rxh4 Bf8 29. Rd2 Ra7 30. Nd4 Rd8 31. Rdh2 Rb7 32. Rxh7 Bxa2+ 33. Kxa2 Rxh7 34. Bc4+ Kh8 35. Rxh7+ Kxh7 36. Ne6 Re8 37. Nxf8+ Rxf8 38. Ka3 Ra8 39. Bb5 Kh6 40. Bxa4 Kh5 41. Kb4 Kg4 42. f5 Rc8 43. c4 Kf4 44. Bc2 Ke5 45. b3 Kd4 46. Ka3 Rb8 47. Kb2 Rh8 48. Bb1 Rh3 49. Bc2 Kc5 50. Bb1 Kb4 51. Bc2 Rc3 52. Bd1 Rxc4 53. bxc4 Kxc4 54. Bc2 Kd4 55. Kb3 Kc5 56. Kc3 Kc6 57. Kc4 Kd6 58. Kd4 Ke7 59. Kd5 Kd7 60. Ba4+ Ke7 61. e5 fxe5 62. Kxe5 Kf8 63. Ke6 Kg7 64. Ke7 Kh8 65. f6 Kh7 66. f7 Kg7 67. f8=Q+ Kh7 68. Bc2# 1-0

[Event "FIDE WCCC G8 2018"]
[Site "Santiago de Compostela"]
[Date "2018.11.08"]
[Round "4"]
[White "Iudina, Veronika"]
[Black "Mateeva, Yana"]
[Result "1-0"]
[ECO "B22"]
[WhiteElo "1454"]
[BlackElo "1051"]
[Annotator "NA RC"]
[PlyCount "55"]
[EventDate "2018.11.04"]
[EventType "swiss"]
[EventCountry "ESP"]
[SourceTitle "playchess.com"]
[Source "ChessBase"]
[SourceQuality "1"]
[TimeControl "40/5400+30:1800+30"]

1. e4 c5 2. c3 d5 3. exd5 Qxd5 4. d4 Nc6 5. Nf3 Bf5 6. Bd3 Nf6 7. Bxf5 Qxf5 8. O-O e6 9. h3 Bd6 10. Be3 O-O 11. Qe2 Rfe8 12. Nbd2 cxd4 13. cxd4 e5 14. dxe5 Nxe5 15. Nxe5 Bxe5 16. Nf3 Bf4 17. Rfe1 Nd5 18. Qd2 Nxe3 19. fxe3 Bh6 20. Re2 Qc5 21. Rae1 Rad8 22. Nd4 f6 23. Kh1 Bxe3 24. Rxe3 Rxe3 25. Qxe3 Qxd4 26. Qe6+ Kh8 27. Qe8+ Rxe8 28. Rxe8# 1-0

[Event "FIDE WCCC G8 2018"]
[Site "Santiago de Compostela"]
[Date "2018.11.08"]
[Round "4"]
[White "Oyungerel Sharavdorj"]
[Black "Gu, Crystal Jiuzhou"]
[Result "1-0"]
[ECO "E61"]
[WhiteElo "1382"]
[BlackElo "1284"]
[Annotator "NA RC"]
[PlyCount "119"]
[EventDate "2018.11.04"]
[EventType "swiss"]
[EventCountry "ESP"]
[SourceTitle "playchess.com"]
[Source "ChessBase"]
[SourceQuality "1"]
[TimeControl "40/5400+30:1800+30"]

1. d4 Nf6 2. c4 g6 3. Nc3 Bg7 4. Nf3 O-O 5. Bg5 d6 6. e3 Nbd7 7. Be2 c5 8. d5 h6 9. Bxf6 Nxf6 10. O-O Bf5 11. Bd3 Bxd3 12. Qxd3 Ng4 13. h3 Ne5 14. Nxe5 dxe5 15. Rac1 Rc8 16. Rfd1 Re8 17. Ne4 f5 18. Ng3 e4 19. Qc2 Be5 20. Ne2 Qb6 21. b3 Qd6 22. Qd2 Rcd8 23. a3 Rd7 24. Nc3 Bxc3 25. Qxc3 Qf6 26. Qxf6 exf6 27. b4 b6 28. bxc5 bxc5 29. Rb1 g5 30. Rb5 Rc8 31. Rdb1 f4 32. Rb8 Rdd8 33. Rxc8 Rxc8 34. Rb7 fxe3 35. fxe3 f5 36. g3 Rf8 37. Kf2 f4 38. gxf4 gxf4 39. Rxa7 fxe3+ 40. Kxe3 Rf3+ 41. Kxe4 Rxh3 42. Ra5 h5 43. Rxc5 Rxa3 44. d6 Ra6 45. d7 Rd6 46. Rd5 Rxd7 47. Rxd7 h4 48. Kf4 Kf8 49. Kg4 Ke8 50. Ra7 h3 51. Kxh3 Kd8 52. Kg4 Kc8 53. Kf5 Kb8 54. Rh7 Ka8 55. Ke6 Kb8 56. Kd6 Ka8 57. Kc6 Kb8 58. Rg7 Ka8 59. Kb6 Kb8 60. Rg8# 1-0

[Event "FIDE WCCC G8 2018"]
[Site "Santiago de Compostela"]
[Date "2018.11.08"]
[Round "4"]
[White "Pavesi, Bianca"]
[Black "Huynh, Phuc Minh Phuong"]
[Result "1-0"]
[ECO "D05"]
[WhiteElo "1377"]
[BlackElo "1246"]
[Annotator "NA RC"]
[PlyCount "37"]
[EventDate "2018.11.04"]
[EventType "swiss"]
[EventCountry "ESP"]
[SourceTitle "playchess.com"]
[Source "ChessBase"]
[SourceQuality "1"]
[TimeControl "40/5400+30:1800+30"]

1. d4 d5 2. Nf3 Nf6 3. e3 e6 4. Bd3 Bd6 5. b3 Nbd7 6. Bb2 c5 7. Ne5 Qc7 8. f4 a6 9. O-O O-O 10. Rf3 h6 11. Rh3 b5 12. Nxd7 Nxd7 13. dxc5 Nxc5 14. Rg3 e5 15. Qh5 Kh8 16. fxe5 Be7 17. e6 Nxe6 18. Qxh6+ Kg8 19. Qh7# 1-0

[Event "FIDE WCCC G8 2018"]
[Site "Santiago de Compostela"]
[Date "2018.11.08"]
[Round "4"]
[White "Kantserova, Ildana"]
[Black "Mgeladze, Kesaria"]
[Result "0-1"]
[ECO "B01"]
[WhiteElo "1282"]
[BlackElo "1211"]
[Annotator "NA"]
[PlyCount "162"]
[EventDate "2018.11.04"]
[EventType "swiss"]
[EventCountry "ESP"]
[SourceTitle "playchess.com"]
[Source "ChessBase"]
[SourceQuality "1"]
[TimeControl "40/5400+30:1800+30"]

1. e4 d5 2. exd5 Qxd5 3. Nc3 Qa5 4. Bc4 Nf6 5. d3 c6 6. Bd2 Qc7 7. Nf3 Bf5 8. O-O e6 9. Re1 Bd6 10. h3 O-O 11. Ne4 Nxe4 12. dxe4 Bg6 13. Bd3 Nd7 14. Qe2 Bh5 15. Bc3 Rad8 16. g4 Bg6 17. e5 Bc5 18. Bxg6 hxg6 19. b4 Bb6 20. Rad1 Rfe8 21. Rd2 f6 22. exf6 Qg3+ 23. Kf1 Qxh3+ 24. Kg1 Qxg4+ 25. Kf1 gxf6 26. Ng1 Qf5 27. Red1 Re7 28. Rd3 Rh7 29. Qf3 Qxf3 30. Nxf3 Rh1+ 31. Ng1 Rh7 32. Bxf6 Rf8 33. Rxd7 Rxf6 34. Rxh7 Rxf2+ 35. Ke1 Kxh7 36. Rd7+ Kh6 37. Rxb7 Rxc2 38. Ne2 Rxa2 39. Kf1 Rb2 40. Re7 Rxb4 41. Rxe6 c5 42. Rc6 a5 43. Nc3 Rc4 44. Nd5 Bd8 45. Ne3 Rc1+ 46. Ke2 Bg5 47. Nf5+ Kh5 48. Ng3+ Kg4 49. Rxg6 Kxg3 50. Rxg5+ Kf4 51. Rd5 Ke4 52. Rd8 a4 53. Ra8 Rc4 54. Rd8 Rd4 55. Re8+ Kd5 56. Kf3 Kc4 57. Re2 Rd3+ 58. Kf2 Kb3 59. Re1 a3 60. Ke2 Rc3 61. Rb1+ Ka2 62. Rd1 Rc2+ 63. Kd3 Kb3 64. Rb1+ Rb2 65. Rc1 a2 66. Rc3+ Kb4 67. Rc4+ Kb5 68. Rc1 Rb1 69. Kc2 Rxc1+ 70. Kxc1 a1=Q+ 71. Kc2 Kc4 72. Kd2 Qa3 73. Ke2 Qc3 74. Kf2 Qd3 75. Kg2 Qe3 76. Kf1 Qd2 77. Kg1 Qe2 78. Kh1 Kd4 79. Kg1 Ke3 80. Kh1 Kf3 81. Kg1 Qg2# 0-1

[Event "FIDE WCCC G8 2018"]
[Site "Santiago de Compostela"]
[Date "2018.11.08"]
[Round "4"]
[White "Sermukhamedov Minnullina, Adriana"]
[Black "Smietanska, Wiktoria"]
[Result "1/2-1/2"]
[ECO "A08"]
[WhiteElo "1249"]
[BlackElo "1506"]
[Annotator "NA RC"]
[PlyCount "125"]
[EventDate "2018.11.04"]
[EventType "swiss"]
[EventCountry "ESP"]
[SourceTitle "playchess.com"]
[Source "ChessBase"]
[SourceQuality "1"]
[TimeControl "40/5400+30:1800+30"]

1. Nf3 d5 2. g3 c5 3. Bg2 Nc6 4. O-O Nf6 5. d3 g6 6. Nbd2 Bg7 7. Re1 O-O 8. e4 e6 9. a4 a5 10. c3 dxe4 11. dxe4 Qc7 12. Nc4 Rd8 13. Qc2 e5 14. Bg5 b6 15. Red1 Ba6 16. Ne3 Ne7 17. Bf1 Bxf1 18. Kxf1 h6 19. Bxf6 Bxf6 20. Rxd8+ Rxd8 21. Rd1 h5 22. h4 Bg7 23. Qb3 Kf8 24. Nd5 Nxd5 25. Rxd5 Rxd5 26. Qxd5 Bf6 27. Nd2 Ke7 28. Nc4 Bg7 29. Ke2 Bf6 30. Ke3 Bg7 31. Nd2 Bh6+ 32. Kd3 Bxd2 33. Kxd2 Qd6 34. c4 f5 35. f3 fxe4 36. fxe4 Qf6 37. Ke2 Ke8 38. b3 Ke7 39. Qb7+ Ke8 40. Qc8+ Ke7 41. Qc7+ Ke8 42. Qb7 Kd8 43. Qa6 Kd7 44. Qb7+ Kd8 45. Qh7 Kc8 46. Qh6 Kc7 47. Qd2 Kc8 48. Qd5 Kc7 49. Qd2 Kc8 50. Qd5 Kc7 51. Qd2 Kc8 52. Qg5 Qxg5 53. hxg5 Kd7 54. Kf3 Ke6 55. g4 Kf7 56. gxh5 gxh5 57. Kg3 Kg7 58. Kh3 Kf7 59. Kg3 Kg7 60. Kh3 Kf7 61. Kg3 Kg7 62. Kh3 Kf7 63. Kg3 1/2-1/2

[Event "FIDE WCCC G8 2018"]
[Site "Santiago de Compostela"]
[Date "2018.11.08"]
[Round "4"]
[White "Arshiya, Das"]
[Black "Ali, Kausar"]
[Result "1-0"]
[ECO "B33"]
[WhiteElo "1113"]
[BlackElo "1246"]
[Annotator "NA RC"]
[PlyCount "103"]
[EventDate "2018.11.04"]
[EventType "swiss"]
[EventCountry "ESP"]
[SourceTitle "playchess.com"]
[Source "ChessBase"]
[SourceQuality "1"]
[TimeControl "40/5400+30:1800+30"]

1. e4 c5 2. Nf3 Nc6 3. d4 cxd4 4. Nxd4 Nf6 5. Nc3 e6 6. Ndb5 Bb4 7. a3 Bxc3+ 8. Nxc3 d5 9. Bd3 O-O 10. O-O h6 11. exd5 exd5 12. Bf4 Bg4 13. Qd2 Re8 14. h3 Bd7 15. Nxd5 Nxd5 16. Bxh6 Qf6 17. Bg5 Qxb2 18. Qd1 Qe5 19. Qh5 g6 20. Qh4 Qh8 21. Qg3 Qe5 22. Qh4 Bf5 23. Bc4 Nce7 24. Rad1 Qh8 25. Bxd5 Nxd5 26. Qxh8+ Kxh8 27. Rxd5 Bxc2 28. Rd7 b5 29. Rxf7 a5 30. Rc1 Rec8 31. Rb7 Bd3 32. Rd1 Rc3 33. Bf6+ Kg8 34. Bxc3 Be4 35. Rxb5 a4 36. Rb4 Bc2 37. Rd7 Re8 38. Rg7+ Kf8 39. Rf4+ Bf5 40. g4 Rc8 41. Rf3 Rxc3 42. Rxc3 Kxg7 43. gxf5 gxf5 44. Rc4 Kg6 45. Rxa4 Kf6 46. Rb4 Ke5 47. a4 Kd5 48. Rb5+ Kc4 49. Rxf5 Kb4 50. a5 Kc4 51. a6 Kb4 52. a7 1-0